 Dungeon Crawl Stone Soup version 0.29.1-12-g30fa7ad0bf (webtiles) character file.

Game seed: 4220370366314350043

18 FexLirch the Digger (level 3, -2/26 HPs)
             Began as a Meteoran Earth Elementalist on Dec 14, 2022.
             Slain by Ijyb
             ... wielding a +7 club
              (3 damage)
             ... on level 4 of the Dungeon.
             The game lasted 00:04:57 (422 turns).

FexLirch the Digger (Meteoran Earth Elementalist)    Turns: 422, Time: 00:04:57

Health: -2/26      AC:  4    Str:  9    XL:     3   Next: 5%
Magic:  5/8        EV: 16    Int: 18    God:
Gold:   25         SH:  0    Dex: 15    Spells: 1/7 levels left

rFire   . . .      SeeInvis +   m - +1 spear (venom)
rCold   . . .      Faith    .   (no shield)
rNeg    . . .      Spirit   .   a - +0 robe
rPois   .          Reflect  .   (no helmet)
rElec   .          Harm     .   k - +1 cloak
rCorr   .          Rampage  .   (no gloves)
Will    .....                   (no boots)
Stlth   +.........              (no amulet)
HPRegen 0.08/turn               h - ring of see invisible
MPRegen 0.11/turn               j - +4 ring of evasion

@: very slightly contaminated, glowing
A: sense surroundings 1, otherworldly, glowing, explore regen
a: no special abilities


You were on level 4 of the Dungeon.
You visited 1 branch of the dungeon, and saw 4 of its levels.

You collected 25 gold pieces.

Inventory:

Hand Weapons
 m - a +1 spear of venom (weapon)
Missiles
 d - 5 datura-tipped darts
Armour
 a - a +0 robe (worn)
 k - a +1 cloak (worn)
Jewellery
 h - a ring of see invisible (left hand)
 i - a ring of ice
 j - a +4 ring of evasion (right hand)
Wands
 g - a wand of polymorph (3)
Potions
 b - a potion of magic
 l - a potion of lignification


   Skills:
 - Level 2.5 Dodging
 - Level 1.4 Stealth
 - Level 2.7 Spellcasting
 + Level 0.0 Conjurations
 - Level 1.3 Transmutations
 * Level 4.5 Earth Magic


You had one spell level left.
You knew the following spells:

 Your Spells              Type           Power      Damage    Failure   Level
a - Sandblast             Erth           36%        2d10      2%          1
b - Stone Arrow           Conj/Erth      20%        3d8       21%         3
c - Passwall              Tmut/Erth      10%        N/A       8%          2

Your spell library contained the following spells:

 Spells                   Type           Power      Damage    Failure   Level
 Petrify                  Tmut/Erth      13%        N/A       45%         4


Dungeon Overview and Level Annotations

Branches:
Dungeon (4/15) Zot: 1973
 Temple: D:4-7

Altars:

Annotations:
D:4 Ijyb


Innate Abilities, Weirdness & Mutations

You passively map a small area around you.
You are easily found by Zot.
You glow in the dark.
You regain HP and MP as you explore.


Message History

* * * LOW HITPOINT WARNING * * *
Ijyb closely misses you. The gnoll hits you but does no damage.
Unknown command.
Unknown command.
Casting: Sandblast (safe; 2% risk of failure)
Confirm with . or Enter, or press ? or * to list all spells.
Okay, then.
Unknown command.
Unknown command.
Unknown command.
Unknown command.
Casting: Sandblast (safe; 2% risk of failure)
Confirm with . or Enter, or press ? or * to list all spells.
Aiming: Passwall (safe; 8% risk of failure)
Press: ? - help, Dir - move target, f - Ijyb, p - gnoll bouda
Aim: Ijyb, wielding a +7 club, wearing a +0 ring mail and carrying a wand of flame (5)
There is no adjacent passable wall in that direction.
Okay, then.
Unknown command.
Unknown command.
Unknown command.
Casting: Passwall (safe; 8% risk of failure)
Confirm with . or Enter, or press ? or * to list all spells.
The spell is quite dangerous to miscast (21% risk of failure)!
Continue anyway? [Y]es or [N]o only, please.
The spell is quite dangerous to miscast (21% risk of failure)!
Continue anyway?
Okay, then.
Unknown command.
Casting: Stone Arrow (quite dangerous; 21% risk of failure)
Confirm with . or Enter, or press ? or * to list all spells.
The spell is quite dangerous to miscast (21% risk of failure)!
Continue anyway?
Aiming: Stone Arrow (quite dangerous; 21% risk of failure)
Press: ? - help, Shift-Dir - straight line, f - Ijyb, p - gnoll bouda
Aim: Ijyb, wielding a +7 club, wearing a +0 ring mail and carrying a wand of flame (5) (64% to hit)
You miscast Stone Arrow.
You are very lightly contaminated with residual magic.
Nothing appears to happen.
You hear the hiss of a very distant avalanche of sand.
The gnoll bouda completely misses you. Ijyb hits you with a +7 club.
You die...

#.# #.# ##.#.##.#,**** #.# #.#
#.#.#**.**,,, ########.##
#.#**#.#.# ****,,, #.........#
#..,,....* *,,, #.######..#
*##*#h..#* **,* #.# ####..#
*#.....** ****,* #.# #.....#
*#......,***,,,,, #.#
#.#...####.......,,**,*,,, #.#
#......gg@g......,,',,,,,,
#.###.#...####.......,,**,*,,,
#.........# *#......,***,**,*
#####.##### *#.....** *,****
#..# *#...#* *,,,,, ##.# *#'##
****** #.# *.#******* * #.#
*,.,,,,,,* * #.# **,,*****,**
*


You could see Ijyb, a gnoll bouda, a hound and a gnoll.

Vanquished Creatures
  An adder (D:2)
  An endoplasm (D:1)
  2 goblins (D:4)
  2 hobgoblins
  A quokka (D:2)
7 creatures vanquished.

Notes
Turn   | Place    | Note
-------+----------+-------------------------------------------
     0 | D:1      | FexLirch the Meteoran Earth Elementalist began the quest
                  | for the Orb.
     0 | D:1      | Reached XP level 1. HP: 14/14 MP: 5/5
   161 | D:2      | Found a faded altar of an unknown god.
   167 | D:2      | Reached skill level 4 in Earth Magic
   167 | D:2      | Reached XP level 2. HP: 14/20 MP: 2/6
   257 | D:4      | Reached XP level 3. HP: 26/26 MP: 6/8
   294 | D:4      | Learned a level 3 spell: Stone Arrow
   297 | D:4      | Learned a level 2 spell: Passwall
   416 | D:4      | Noticed Ijyb
   421 | D:4      | HP: 1/26 [gnoll bouda/+0 whip (5)]
   422 | D:4      | Slain by Ijyb

Illustrated notes

Levels and vault maps discovered:
D:1:      dpeg_arrival_oval, layout_basic
D:2:      layout_basic, hellmonk_ecumenical_altar_lost_god, serial_glass,
          glass_columns_a, glass_columns_a, minmay_strange_pillars,
          due_unseen_surprise, minmay_strange_pillars
D:3:      layout_basic, gammafunk_ghost_mausoleum, serial_shops,
          nicolae_square_shop, interstate_on_off, minmay_pentangle, uniq_grinder
D:4:      layout_loops_corners, nicolae_overflow_two_pavilions,
          nicolae_ossuary_entry_monument, fountainhead, st_stairs_5, uniq_robin,
          uniq_ijyb

Skill      XL: |  1 |
---------------+----+-----
Earth Magic    | 4 |  4.5
Dodging        | |  2.5
Stealth        | |  1.4
Spellcasting   | |  2.7
Transmutations | |  1.3

Action                   || total
-------------------------++-------
 Cast: Sandblast         ||    13
  Use: Potion            ||     3
       Scroll            ||     1
Armor: Skin              ||     3
       Robe              ||     1
Dodge: Dodged            ||     2
